 Dungeon Crawl Stone Soup version 0.21-a0-625-g1119ec1 (webtiles) character file.

73365 Firecrotchwizard the Impaler (level 15, 0/122 HPs)
             Began as a Merfolk Gladiator on Dec 24, 2017.
             Was the Champion of Makhleb.
             Slain by an orc priest
             ... wielding a +0 mace
              (3 damage)
             ... while paralysed by an orc sorcerer
             ... on level 2 of the Orcish Mines.
             The game lasted 00:51:34 (19554 turns).

Firecrotchwizard the Impaler (Merfolk Gladiator)   Turns: 19554, Time: 00:51:35

Health: 0/122      AC: 20    Str: 15    XL:     15   Next: 43%
Magic:  25/25      EV:  2    Int:  9    God:    Makhleb [******]
Gold:   1990       SH:  0    Dex: 24    Spells: 14/14 levels left

rFire    . . .     SeeInvis .   U - +6 glaive (freeze)
rCold    . . .     Gourm    .   (shield currently unavailable)
rNeg     . . .     Faith    .   X - +2 steam dragon scales
rPois    .         Spirit   .   c - +2 helmet
rElec    .         Reflect  +   C - +2 cloak {+Inv}
rCorr    .         Harm     .   v - +2 pair of gloves
MR       +....                  V - +0 pair of boots
Stlth    ++........             j - +3 amulet of reflection
HPRegen  0.30/turn              y - ring of Phasing {EV+8}
MPRegen  0.19/turn              w - +4 ring of dexterity

@: paralysed
A: change form in water, swift swim, stealthy swim
a: Minor Destruction, Lesser Servant of Makhleb, Major Destruction, Greater
Servant of Makhleb, Renounce Religion, Evoke Invisibility


You were on level 2 of the Orcish Mines.
You worshipped Makhleb.
Makhleb was exalted by your worship.
You were very hungry.

You visited 4 branches of the dungeon, and saw 21 of its levels.
You also visited: Volcano.

You collected 1990 gold pieces.

Inventory:

Hand Weapons
 a - the +8 glaive of the Guard {elec, +Rage AC+5 SInv}
   (You took it off an orc warrior on level 10 of the Dungeon)

   Occasionally, upon striking a foe, it will discharge some electrical energy
   and cause terrible harm.
   It affects your AC (+5).
   It lets you see invisible.
   It lets you go berserk.
 b - the +8 hunting sling of Cotiz {freeze, rPois rC+ MR++ Str-4}
   (You found it on level 10 of the Dungeon)

   It causes projectiles fired from it to freeze those they strike, causing
   extra injury to most foes and up to half again as much damage against
   particularly susceptible opponents.
   They can also slow down cold-blooded creatures.
   It affects your strength (-4).
   It protects you from cold.
   It protects you from poison.
   It affects your resistance to hostile enchantments.
 U - a +6 glaive of freezing (weapon)
   (You found it in a volcano)
Missiles
 d - 2 throwing nets {=f, !d}
 S - 87 sling bullets
Armour
 c - a +2 helmet (worn)
 v - a +2 pair of gloves (worn)
   (You found it on level 7 of the Dungeon)
 C - a +2 cloak of invisibility (worn)
   (You took it off Maurice on level 12 of the Dungeon)
 N - a +1 ring mail of magic resistance
   (You took it off an orc priest on level 9 of the Dungeon)
 Q - the +1 leather armour "Otiw" {rC+}
   (You took it off an orc wizard on level 12 of the Dungeon)

   It protects you from cold.
 T - +0 acid dragon scales
   (You found it on level 12 of the Dungeon)
 V - a +0 pair of boots (worn)
   (You found it on level 3 of the Lair of Beasts)
 X - +2 steam dragon scales (worn)
   (You found it on level 12 of the Dungeon)
Jewellery
 j - a +3 amulet of reflection (around neck)
   (You found it on level 1 of the Dungeon)
 l - an uncursed amulet of rage {+Rage, !d}
   (You found it on level 12 of the Dungeon)
 r - the ring "Oleveub" {rC+ Str+3}
   (You found it on level 12 of the Dungeon)

   [ring of strength]

   It affects your strength (+3).
   It protects you from cold.
 s - an uncursed ring of fire {rF+, rC-}
   (You found it on level 4 of the Dungeon)
 w - a +4 ring of dexterity (right hand)
   (You took it off a centaur on level 7 of the Dungeon)
 y - the ring of Phasing (left hand) {EV+8}
   (You found it on level 4 of the Dungeon)

   [ring of evasion]

   It affects your evasion (+8).
 B - an uncursed ring of protection from magic {MR+, !d}
   (You found it on level 11 of the Dungeon)
 H - an uncursed ring of see invisible {sInv, !d}
   (You found it on level 7 of the Dungeon)
 K - an uncursed ring of fire {rF+, rC-}
   (You found it on level 9 of the Dungeon)
 Z - an uncursed ring of flight {+Fly, !d}
   (You found it on level 6 of the Lair of Beasts)
Wands
 u - a wand of digging (11)
   (You took it off Ijyb on level 3 of the Dungeon)
 z - a wand of acid (2)
   (You found it on level 4 of the Dungeon)
 G - a wand of iceblast (15)
   (You found it on level 8 of the Dungeon)
 O - a wand of clouds (6)
   (You found it on level 2 of the Lair of Beasts)
Scrolls
 e - 6 scrolls of identify
 g - 4 scrolls of amnesia
 h - 6 scrolls of remove curse
 i - 5 scrolls of teleportation
 L - 5 scrolls of blinking {!r}
 W - 2 scrolls of magic mapping {!r}
Potions
 m - a potion of might {unknown}
 o - 2 potions of heal wounds
 p - 7 potions of degeneration {@e1!q}
 q - a potion of flight
 t - a potion of cancellation {unknown}
 x - a potion of agility {unknown}
 A - 7 potions of curing
 D - 2 potions of invisibility
 M - 4 potions of mutation {!q}
 P - 3 potions of haste
 R - 5 potions of berserk rage {!q}
Miscellaneous
 k - a lightning rod (4/4)
   (You found it on level 12 of the Dungeon)
 I - a phial of floods
   (You found it on level 9 of the Dungeon)
 J - a fan of gales
   (You found it on level 2 of the Lair of Beasts)
Comestibles
 f - 56 rations {@e1}


   Skills:
 + Level 12.9 Fighting
 + Level 17.2 Polearms
 - Level 2.0 Throwing
 + Level 9.2 Armour
 + Level 15.0 Dodging
 * Level 13.7 Invocations


You had 14 spell levels left.
You didn't know any spells.

Dungeon Overview and Level Annotations

Branches:
Dungeon (12/15)            Temple (1/1) D:5            Lair (6/6) D:8
  Swamp (0/4) Lair:3        Snake (0/4) Lair:3        Slime (0/5) Lair:5
    Orc (2/2) D:12
    Elf: Orc:2

Altars:
Cheibriados
Elyvilon
Kikubaaqudgha
Makhleb
Nemelex Xobeh
Trog
Vehumet
Yredelemnul
The Shining One

Annotations:
D:2 exclusion: door
D:8 exclusion: electric eel
D:10 2 runed doors
Lair:2 exclusion: hydra
Lair:3 exclusion: oklob plant
Orc:2 Snorg


Message History

An orc warrior and Snorg come into view.
Things that are here:
a halberd; a plate armour; an orc corpse You barely miss Blork the orc.
The warg howls!
You hear a shout! x2
Blork the orc completely misses you.
A warg and an orc warrior come into view.
The orc warrior is wielding a broad axe of chopping.
You completely miss Blork the orc. Blork the orc completely misses you.
An orc priest comes into view. It is wielding a flail.
You slash Blork the orc! You freeze Blork the orc.
The orc priest moves out of view.
An orc priest and an orc sorcerer come into view.
The orc sorcerer shouts!
You slash Blork the orc! You freeze Blork the orc.
You kill Blork the orc!
Makhleb accepts your kill.
You hear a shout! x4
You slash the warg! You freeze the warg. You block the warg's attack.
You hit the warg. You freeze the warg. The warg closely misses you.
You slice the warg!! You freeze the warg.
You kill the warg!
Makhleb accepts your kill.
The orc priest looks satisfied for a moment.
Snorg goes berserk!
An orc warrior comes into view. It is wielding a glaive.
You slash the warg! You freeze the warg. The warg closely misses you.
The orc wizard mumbles some strange words.
The orc wizard blinks!
The orc warrior misses you.
The orc sorcerer casts a spell.
The orc priest mumbles some strange prayers to Beogh against you.
Beogh smites you!
You hear a shout! x7
An orc comes into view. It is wielding a flail of crushing.
You take 13 damage, and have 109/122 hp.
You slice the warg!! You freeze the warg!
You kill the warg!
Makhleb accepts your kill.
You feel better.
The orc moves out of view.
The orc warrior hits you from afar with a halberd!
You hear a shout! x3
You slice Snorg!! You freeze Snorg. Snorg completely misses you.
Snorg claws you but does no damage. Snorg completely misses you.
The orc wizard gestures at you while chanting.
The magic dart hits you!
The orc sorcerer gestures wildly while chanting.
An orc warrior comes into view. It is wielding a trident.
You slash Snorg! You freeze Snorg. Snorg closely misses you.
Snorg completely misses you. Snorg claws you but does no damage.
The orc warrior completely misses you. x2; Snorg completely misses you.
Snorg claws you but does no damage. x2; You block the orc wizard's attack.
An orc knight comes into view.
It is wielding an enchanted great sword.
You hit Snorg. You freeze Snorg. Snorg misses you. You block Snorg's attack.
Snorg completely misses you.
The orc warrior hits you from afar with a halberd!
The orc priest hits you with a mace. The orc wizard misses you.
You take 14 damage, and have 96/122 hp.
You hit Snorg. You freeze Snorg. Snorg completely misses you. Snorg misses you.
Snorg claws you.
The orc priest calls down the wrath of Beogh upon you.
Beogh smites you! The orc warrior misses you.
An orc and an orc warrior come into view.
You take 12 damage, and have 84/122 hp.
You closely miss Snorg. Snorg completely misses you. Snorg claws you!
Snorg closely misses you. The orc wizard completely misses you.
The orc warrior completely misses you. The hellwing completely misses you.
The hellwing misses you.
An orc and an orc wizard come into view.
The orc wizard is wielding a dagger of venom.
You take 12 damage, and have 72/122 hp.
You barely miss Snorg. You block Snorg's attack. Snorg claws you.
Snorg completely misses you. The orc wizard completely misses you.
The hellwing hits you but does no damage.
The hellwing completely misses you. The orc priest closely misses you.
The orc sorcerer completely misses you.
The orc warrior completely misses you. x2
Snorg misses you. Snorg completely misses you. Snorg misses you.
An orc comes into view. It is wielding a morningstar.
You take 3 damage, and have 69/122 hp.
You barely miss Snorg.
The orc wizard moves out of view.
Snorg bites you. Snorg completely misses you. Snorg misses you.
The orc wizard closely misses you.
The orc sorcerer gestures at you while chanting.
You suddenly lose the ability to move!
The orc priest hits you but does no damage.
The orc warrior hits you with a broad axe of chopping!
The orc warrior hits you from afar with a halberd!
Snorg bites you but does no damage. Snorg claws you. Snorg claws you!
* * * LOW HITPOINT WARNING * * *
The orc warrior hits you but does no damage.
The orc wizard gestures at you while chanting.
The magic dart hits you!
* * * LOW HITPOINT WARNING * * *
The orc sorcerer hits you with a dagger.
* * * LOW HITPOINT WARNING * * *
An orc warrior and an orc knight come into view.
The orc wizard shouts!
Snorg bites you!!
* * * LOW HITPOINT WARNING * * *
Snorg claws you but does no damage. x2; The orc priest hits you with a mace.
You die... ...o...o .....oo #.o...# #ooo.o# ## #8oho8#

.#### ###.4oo.#
....## ##.#oT4o.#
.<...# #...o@o.#
#.#.## ##...o..# ###
# ## ##.....## # ..#
#.......# # #..#
##..#.#.##
####..######...#####
.......##.#...##
#......#......#
..............##


You could see Snorg (berserk), 2 orc knights, a hellwing, an ice devil, a warg,
an orc sorcerer, 6 orc warriors, 2 orc priests, 3 orc wizards and 4 orcs.

Vanquished Creatures
  Kirke (Lair:5)
  A stone giant (Volcano)
  Azrael (Orc:2)
  A dire elephant (Lair:6)
  A fire dragon (D:12)
  An ogre mage (D:12)
  The ghost of Squip the Nimble, a journeyman FoFE of Okawaru (D:11)
  Fannar (D:11)
  4 hydras
  The ghost of Morgoth the Ogre Mage, a journeyman OgWz of Vehumet (Volcano)
  2 catoblepae (Lair:6)
  A death knight (D:12)
  4 two-headed ogres
  A tengu warrior (D:12)
  An orc high priest (Orc:1)
  9 death yaks (Lair:6)
  A deep troll shaman (Lair:6)
  2 unseen horrors (D:12)
  2 orc knights
  The ghost of keipra the Grappler, a novice DrTm of Makhleb (D:7)
  2 ugly things
  An orc sorcerer (Orc:1)
  3 cyclopes
  4 manticores
  Maurice (D:12)
  3 centaur zombies
  9 elephants
  Joseph (D:7)
  3 black mambas
  2 gargoyles
  12 spiny frogs
  13 komodo dragons
  2 rime drakes
  An efreet (Volcano)
  A meliai (shapeshifter) (D:12)
  3 tyrant leeches (Lair:3)
  A polar bear (Lair:3)
  9 trolls
  4 hippogriffs
  5 blink frogs (Lair:3)
  2 vampires
  2 wraiths
  39 yaks
  2 wyverns
  7 hogs
  9 fire bats (Volcano)
  4 fire elementals
  A human (D:9)
  A steam dragon (D:11)
  3 basilisks
  3 hungry ghosts
  3 wargs (Orc:2)
  4 nagas (Lair:3)
  2 acid dragons (D:12)
  2 soldier ants (D:12)
  10 porcupines
  12 water moccasins
  5 hell hounds
  A black bear (Lair:6)
  6 ice beasts
  Duvessa (D:7)
  18 orc warriors
  A swamp drake (D:12)
  4 sky beasts
  A phantom (D:11)
  6 ogres
  A necrophage (D:12)
  24 wolves
  7 centaurs
  11 crocodiles
  3 big kobolds
  Blork the orc (Orc:2)
  15 bullfrogs
  A gnoll sergeant (D:12)
  Dowan (D:7)
  An earth elemental (Volcano)
  7 scorpions
  9 killer bees
  11 wights
  2 howler monkeys (D:7)
  7 electric eels
  5 lava snakes (Volcano)
  11 crimson imps
  4 bullfrog zombies
  4 jellies
  2 centaur skeletons
  8 orc priests
  8 bullfrog skeletons
  8 hounds
  14 orc wizards
  Jessica (D:3)
  Ijyb (D:3)
  Terence (D:3)
  6 iguanas
  11 worker ants
  A hound zombie (D:6)
  A worker ant zombie (D:11)
  7 gnolls
  15 adders
  A howler monkey skeleton (D:6)
  5 shadow imps
  3 oozes
  An adder skeleton (D:5)
  An adder zombie (D:6)
  3 worms
  6 leopard geckos
  60 orcs
  2 giant cockroaches
  6 goblins
  A hobgoblin (D:1)
  11 jackals
  31 kobolds
  A quokka (D:9)
  2 ball pythons (D:5)
  19 bats
  4 frilled lizards
  2 leopard gecko skeletons
  A leopard gecko zombie (D:6)
  6 rats
  A spectral orc (D:3)
642 creatures vanquished.

Vanquished Creatures (collateral kills)
  A hydra (Lair:6)
  A water moccasin (Lair:5)
  A wolf (Lair:6)
  A fungus (Lair:6)
4 creatures vanquished.

Vanquished Creatures (others)
  The ghost of xnavy the Arsonist, a journeyman DEFE of Hepliaklqana (Volcano)
  19 fungi
  11 plants
  8 toadstools (D:2)
39 creatures vanquished.

Grand Total: 685 creatures vanquished

Notes
Turn   | Place    | Note
-------+----------+-------------------------------------------
     0 | D:1      | Firecrotchwizard the Merfolk Gladiator began the quest for the Orb.
     0 | D:1      | Reached XP level 1. HP: 16/16 MP: 1/1
   295 | D:1      | Reached XP level 2. HP: 23/23 MP: 2/2
   593 | D:1      | Reached skill level 5 in Polearms
   889 | D:2      | Reached XP level 3. HP: 28/28 MP: 3/3
   967 | D:2      | HP: 7/28 [poisoned by an adder]
  1465 | D:2      | Reached XP level 4. HP: 30/34 MP: 4/4
  1524 | D:2      | Reached skill level 1 in Armour
  1856 | D:3      | Reached skill level 3 in Fighting
  1857 | D:3      | Reached skill level 6 in Polearms
  1981 | D:3      | Noticed Terence
  2003 | D:3      | Killed Terence
  2003 | D:3      | Reached XP level 5. HP: 37/41 MP: 5/5
  2016 | D:3      | Noticed Ijyb
  2051 | D:3      | Killed Ijyb
  2051 | D:3      | Reached skill level 5 in Dodging
  2263 | D:3      | Noticed Jessica
  2273 | D:3      | Killed Jessica
  2292 | D:3      | Found a basalt altar of Yredelemnul.
  2806 | D:4      | Noticed an ogre
  2822 | D:4      | Killed an ogre
  2822 | D:4      | Reached skill level 7 in Polearms
  2822 | D:4      | Reached XP level 6. HP: 47/47 MP: 6/6
  2999 | D:4      | Found the ring of Phasing {EV+8}
  3220 | D:5      | Entered Level 5 of the Dungeon
  3342 | D:5      | Reached skill level 2 in Armour
  3374 | D:5      | Reached skill level 4 in Fighting
  3374 | D:5      | Reached XP level 7. HP: 48/54 MP: 7/7
  3400 | D:5      | Reached skill level 8 in Polearms
  3509 | D:5      | Reached skill level 6 in Dodging
  3900 | D:5      | Found a staircase to the Ecumenical Temple.
  3905 | Temple   | Entered the Ecumenical Temple
  3949 | Temple   | Became a worshipper of Makhleb the Destroyer
  4127 | D:5      | Reached skill level 9 in Polearms
  4143 | D:5      | Reached XP level 8. HP: 61/61 MP: 8/8
  4388 | D:6      | Reached skill level 5 in Fighting
  4488 | D:6      | Reached skill level 3 in Armour
  4584 | D:6      | Reached skill level 7 in Dodging
  4588 | D:6      | Reached skill level 10 in Polearms
  4948 | D:6      | Reached * piety under Makhleb
  5328 | D:7      | Noticed Duvessa
  5328 | D:7      | Noticed Dowan
  5420 | D:7      | Reached skill level 11 in Polearms
  5420 | D:7      | Reached XP level 9. HP: 69/69 MP: 9/9
  5442 | D:7      | Noticed Joseph
  5491 | D:7      | Killed Joseph
  5491 | D:7      | Reached skill level 6 in Fighting
  5491 | D:7      | Reached skill level 8 in Dodging
  5494 | D:7      | HP: 17/69 [bullfrog skeleton (2)]
  5505 | D:7      | HP: 13/69 [killer bee (4)]
  5514 | D:7      | HP: 8/69 [howler monkey (2)]
  5515 | D:7      | Noticed keipra's ghost (novice DrTm)
  5752 | D:7      | Reached skill level 4 in Armour
  6408 | D:7      | Reached skill level 12 in Polearms
  6468 | D:7      | Reached ** piety under Makhleb
  6555 | D:7      | Killed keipra's ghost
  6598 | D:7      | Killed Duvessa
  6606 | D:7      | Killed Dowan
  6606 | D:7      | Reached skill level 7 in Fighting
  6606 | D:7      | Reached skill level 9 in Dodging
  6793 | D:7      | Reached XP level 10. HP: 79/79 MP: 10/10
  6963 | D:8      | Found a staircase to the Lair.
  6981 | D:7      | Reached skill level 13 in Polearms
  7655 | D:8      | Reached skill level 5 in Armour
  7829 | D:8      | Reached *** piety under Makhleb
  8241 | D:8      | Reached skill level 14 in Polearms
  8395 | D:9      | Reached skill level 8 in Fighting
  8437 | D:9      | Reached skill level 10 in Dodging
  8498 | D:9      | HP: 13/80 [something (9)]
  8504 | D:9      | HP: 15/80 [something (1)]
  8870 | D:9      | Reached XP level 11. HP: 78/87 MP: 11/11
  9389 | D:10     | Entered Level 10 of the Dungeon
  9459 | D:10     | Found a large runed door.
  9459 | D:10     | Found a large runed door.
  9466 | D:10     | Reached skill level 1 in Invocations
  9860 | D:9      | Reached skill level 2 in Invocations
  9973 | D:10     | Reached skill level 9 in Fighting
  9993 | D:10     | Reached skill level 6 in Armour
 10024 | D:10     | Reached **** piety under Makhleb
 10069 | D:10     | Reached skill level 11 in Dodging
 10080 | D:10     | Reached skill level 3 in Invocations
 10371 | D:10     | Found a radiant altar of Vehumet.
 10503 | D:10     | Noticed a manticore
 10523 | D:10     | Killed a manticore
 10523 | D:10     | Reached skill level 4 in Invocations
 10649 | D:10     | Noticed a two-headed ogre
 10660 | D:10     | Killed a two-headed ogre
 10678 | D:10     | Found a large runed door.
 10678 | D:10     | Found a large runed door.
 10858 | D:10     | Reached skill level 5 in Invocations
 10970 | D:10     | Noticed a manticore
 10975 | D:10     | Killed a manticore
 10985 | D:10     | Got a smoking hunting sling
 10991 | D:10     | Got a shimmering flail
 10995 | D:10     | Identified the +8 hunting sling of Cotiz {freeze, rPois rC+ MR++ Str-4} (You found it on level 10 of the Dungeon)
 11158 | Lair:1   | Entered Level 1 of the Lair of Beasts
 11281 | Lair:1   | Reached skill level 6 in Invocations
 11319 | Lair:1   | Reached XP level 12. HP: 97/97 MP: 16/16
 11516 | Lair:1   | Reached ***** piety under Makhleb
 11606 | Lair:1   | Reached skill level 10 in Fighting
 11776 | Lair:1   | Reached skill level 12 in Dodging
 12083 | Lair:2   | Reached skill level 7 in Invocations
 12125 | Lair:2   | Noticed a four-headed hydra
 12140 | Lair:2   | Killed a four-headed hydra
 12459 | Lair:2   | Noticed a five-headed hydra
 12849 | Lair:2   | Reached skill level 7 in Armour
 12872 | Lair:2   | Reached skill level 8 in Invocations
 13129 | Lair:3   | Found a staircase to the Snake Pit.
 13254 | Lair:3   | Reached skill level 9 in Invocations
 13256 | Lair:3   | Found a staircase to the Swamp.
 13362 | Lair:3   | Reached XP level 13. HP: 105/105 MP: 19/19
 13725 | Lair:4   | Reached skill level 15 in Polearms
 13986 | Lair:4   | Reached skill level 13 in Dodging
 13991 | Lair:4   | Reached skill level 11 in Fighting
 14255 | Lair:5   | Found a staircase to the Slime Pits.
 14354 | Lair:5   | Noticed Kirke
 14363 | Lair:5   | Killed Kirke
 14363 | Lair:5   | Reached skill level 10 in Invocations
 14887 | Lair:6   | Entered Level 6 of the Lair of Beasts
 15391 | Lair:6   | Reached skill level 8 in Armour
 15433 | Lair:6   | Reached skill level 11 in Invocations
 15607 | Lair:6   | Found a dark tunnel.
 15614 | Volcano  | Entered a volcano
 15634 | Volcano  | Noticed Morgoth's ghost (journeyman OgWz)
 15664 | Volcano  | Killed Morgoth's ghost
 15664 | Volcano  | Reached XP level 14. HP: 114/114 MP: 22/22
 15781 | Volcano  | Noticed xnavy's ghost (journeyman DEFE)
 15794 | Volcano  | Noticed a stone giant
 15801 | Volcano  | Killed xnavy's ghost
 15808 | Volcano  | Killed a stone giant
 15808 | Volcano  | Reached skill level 16 in Polearms
 15817 | Volcano  | Found a bloodstained altar of Trog.
 15959 | Lair:6   | Reached skill level 14 in Dodging
 15981 | Lair:6   | Reached skill level 12 in Fighting
 15994 | Lair:6   | Reached skill level 12 in Invocations
 15998 | Lair:6   | Noticed a dire elephant
 16015 | Lair:6   | Killed a dire elephant
 16561 | D:11     | Reached ****** piety under Makhleb
 16913 | D:11     | Noticed Fannar
 16925 | D:11     | Killed Fannar
 17129 | D:11     | Noticed Squip's ghost (journeyman FoFE)
 17143 | D:11     | Killed Squip's ghost
 17628 | D:12     | Noticed Maurice
 17632 | D:12     | Killed Maurice
 17700 | D:12     | Reached skill level 13 in Invocations
 17705 | D:12     | Reached XP level 15. HP: 72/122 MP: 24/24
 17862 | D:12     | Reached skill level 9 in Armour
 17978 | D:12     | Reached skill level 17 in Polearms
 18024 | D:12     | Got a jewelled leather armour
 18031 | D:12     | Got a warped robe
 18052 | D:12     | Identified the +1 leather armour "Otiw" {rC+} (You took it off an orc wizard on level 12 of the Dungeon)
 18223 | D:12     | Got a steaming bone ring
 18256 | D:12     | Identified the ring "Oleveub" {rC+ Str+3} (You found it on level 12 of the Dungeon)
 18431 | D:12     | Found a staircase to the Orcish Mines.
 18739 | Orc:1    | Entered Level 1 of the Orcish Mines
 19005 | Orc:1    | Reached skill level 15 in Dodging
 19343 | Orc:2    | Entered Level 2 of the Orcish Mines
 19375 | Orc:2    | Noticed Azrael
 19417 | Orc:2    | Killed Azrael
 19533 | Orc:2    | Noticed Blork the orc
 19537 | Orc:2    | Noticed Snorg
 19540 | Orc:2    | Killed Blork the orc
 19552 | Orc:2    | Paralysed by an orc sorcerer for 2 turns
 19553 | Orc:2    | HP: 25/122 [Snorg (14)]
 19554 | Orc:2    | HP: 3/122 [Snorg (18)]
 19554 | Orc:2    | Slain by an orc priest

Vault maps used:
D:1:      eino_arrival_cavern_b
D:2:      cheibrodos_fertilizer, first_ration
D:3:      yredelemnul_forgotten_temple_becter, kennysheep_nondescript,
          uniq_terence, uniq_ijyb, uniq_jessica
D:5:      minmay_temple_entry_nine_rooms, serial_aquarium,
          aquarium_bridge_square, aquarium_window_3, aquarium_window_fake,
          aquarium_view_2b, aquarium_view_2b, minmay_misc_feat_encased,
          roderic_batcave
D:6:      old_forge
D:7:      uniq_joseph, uniq_duvessa
D:8:      minmay_lair_entry_grove
D:9:      grunt_livestock, minivault_10, kennysheep_boxes
D:10:     basic_altar, minmay_hollow_rounded_squares
D:11:     uniq_fannar
D:12:     minmay_the_grid_3x3, erik_orc_1, uniq_maurice
Temple:   roderic_octagonal_lattice_temple
Lair:1:   serial_bayou_shore_a, lemuel_fruit_tree, infiniplex_staircase_pool
Lair:2:   st_stairs_3
Lair:3:   minmay_swamp_entry_worms, minmay_snake_entry_guardpost_small,
          minmay_lair_oklob_bushes, st_stairs_9, infiniplex_staircase_pool_2
Lair:5:   slime_dummy, grunt_megastairs_4, uniq_kirke
Lair:6:   grunt_lair_end_beastmaster, nicolae_volcano_entry_two_sided,
          grunt_megastairs_2
Orc:1:    nicolae_orc_bridge_out
Orc:2:    grunt_orc_cross, uniq_snorg, uniq_azrael, uniq_sonja
Volcano:  volcano_grotto

Skill      XL: |  1  2  3  4  5  6  7  8  9 10 11 12 13 14 15 |
---------------+----------------------------------------------+-----
Polearms       | 5 6 7 9 11 12 14 15 16 17 | 17.2
Armour         | 1 2 3 4 5 6 7 8 9 |  9.2
Fighting       | 3 4 5 7 8 9 10 11 12 | 12.9
Dodging        | 5 6 7 9 10 11 12 13 14 15 | 15.0
Invocations    | 6 9 11 13 | 13.7
Throwing       | |  2.0

Action                   |  1- 3 |  4- 6 |  7- 9 | 10-12 | 13-15 || total
-------------------------+-------+-------+-------+-------+-------++-------
Melee: Trident           |   104 |   180 |   476 |   713 |       ||  1473
       Glaive            |       |       |       |   234 |   966 ||  1200
       Halberd           |       |       |       |    45 |       ||    45
       Tailslap          |       |       |       |     9 |     2 ||    11
 Fire: Hunting sling     |       |       |       |    26 |     4 ||    30
Throw: Throwing net      |       |     1 |       |       |       ||     1
Invok: Lesser Servant of |       |       |       |       |     8 ||     8
       Minor Destruction |       |       |       |       |     8 ||     8
Evoke: Wand              |       |       |       |       |     1 ||     1
  Use: Scroll            |       |     4 |     9 |     5 |    16 ||    34
       Potion            |       |       |     1 |     1 |     1 ||     3
 Stab: Held in net/web   |       |       |     1 |       |       ||     1
       Sleeping          |       |       |       |     3 |     1 ||     4
       Distracted        |       |       |       |     1 |     2 ||     3
       Petrified         |       |       |       |       |     5 ||     5
       Confused          |       |       |       |       |     1 ||     1
  Eat: Chunk             |     2 |     6 |    10 |    18 |    21 ||    57
       Ration            |       |       |     1 |     1 |       ||     2
Armor: Leather armour    |     3 |       |       |       |       ||     3
       Ring mail         |    17 |    33 |    37 |   124 |   111 ||   322
       Steam dragon scal |       |       |       |       |    26 ||    26
Dodge: Dodged            |    41 |    94 |   374 |   733 |   976 ||  2218
Block: Other             |     9 |    12 |    44 |    71 |    99 ||   235
       Reflection        |       |       |     2 |     4 |     3 ||     9

Table legend:
 A = Spawn XP
 B = Non-spawn XP
 C = Spawn XP percentage of total XP
 D = Spawn monster count
 E = Non-spawn monster count
 F = Spawn count percentage of total count
 G = Total turns spent on level
                    A         B        C        D         E        F      G
               +---------+---------+-------+---------+---------+-------+---------
         Total |       0 |  104808 |   0.0 |       0 |     645 |   0.0 | 19554
               +---------+---------+-------+---------+---------+-------+---------
           D:1 |       0 |      33 |   0.0 |       0 |      17 |   0.0 |   878
           D:2 |       0 |      73 |   0.0 |       0 |      20 |   0.0 |   929
           D:3 |       0 |     173 |   0.0 |       0 |      17 |   0.0 |   956
           D:4 |       0 |     199 |   0.0 |       0 |       6 |   0.0 |   457
           D:5 |       0 |     865 |   0.0 |       0 |      33 |   0.0 |  1060
           D:6 |       0 |    1080 |   0.0 |       0 |      31 |   0.0 |  1553
           D:7 |       0 |    2650 |   0.0 |       0 |      23 |   0.0 |  1284
           D:8 |       0 |    2539 |   0.0 |       0 |      45 |   0.0 |  1319
           D:9 |       0 |    2533 |   0.0 |       0 |      31 |   0.0 |  1356
          D:10 |       0 |    6457 |   0.0 |       0 |      58 |   0.0 |  1341
          D:11 |       0 |    8894 |   0.0 |       0 |      50 |   0.0 |  1021
          D:12 |       0 |   19935 |   0.0 |       0 |      97 |   0.0 |  1323
        Lair:1 |       0 |    3618 |   0.0 |       0 |      18 |   0.0 |   869
        Lair:2 |       0 |    6110 |   0.0 |       0 |      19 |   0.0 |   851
        Lair:3 |       0 |    5942 |   0.0 |       0 |      29 |   0.0 |   808
        Lair:4 |       0 |    4073 |   0.0 |       0 |      15 |   0.0 |   640
        Lair:5 |       0 |    5804 |   0.0 |       0 |      20 |   0.0 |   762
        Lair:6 |       0 |   20719 |   0.0 |       0 |      42 |   0.0 |  1036
         Orc:1 |       0 |    4686 |   0.0 |       0 |      36 |   0.0 |   624
         Orc:2 |       0 |    3053 |   0.0 |       0 |      18 |   0.0 |   191
       Volcano |       0 |    5372 |   0.0 |       0 |      20 |   0.0 |   227
               +---------+---------+-------+---------+---------+-------+---------

Vault maps used:
D:1:      eino_arrival_cavern_b
D:2:      cheibrodos_fertilizer, first_ration
D:3:      yredelemnul_forgotten_temple_becter, kennysheep_nondescript,
          uniq_terence, uniq_ijyb, uniq_jessica
D:5:      minmay_temple_entry_nine_rooms, serial_aquarium,
          aquarium_bridge_square, aquarium_window_3, aquarium_window_fake,
          aquarium_view_2b, aquarium_view_2b, minmay_misc_feat_encased,
          roderic_batcave
D:6:      old_forge
D:7:      uniq_joseph, uniq_duvessa
D:8:      minmay_lair_entry_grove
D:9:      grunt_livestock, minivault_10, kennysheep_boxes
D:10:     basic_altar, minmay_hollow_rounded_squares
D:11:     uniq_fannar
D:12:     minmay_the_grid_3x3, erik_orc_1, uniq_maurice
Temple:   roderic_octagonal_lattice_temple
Lair:1:   serial_bayou_shore_a, lemuel_fruit_tree, infiniplex_staircase_pool
Lair:2:   st_stairs_3
Lair:3:   minmay_swamp_entry_worms, minmay_snake_entry_guardpost_small,
          minmay_lair_oklob_bushes, st_stairs_9, infiniplex_staircase_pool_2
Lair:5:   slime_dummy, grunt_megastairs_4, uniq_kirke
Lair:6:   grunt_lair_end_beastmaster, nicolae_volcano_entry_two_sided,
          grunt_megastairs_2
Orc:1:    nicolae_orc_bridge_out
Orc:2:    grunt_orc_cross, uniq_snorg, uniq_azrael, uniq_sonja
Volcano:  volcano_grotto

Table legend:
 A = Turns spent in this place as a percentage of turns spent in the entire game.
 B = Non-inter-level travel turns spent in this place as a percentage of non-inter-level travel turns spent in the entire game.
 C = Inter-level travel turns spent in this place as a percentage of turns spent in this place.
 D = Turns resting spent in this place as a percentage of non-inter-level travel turns spent in this place.
 E = Turns spent auto-exploring this place as a percentage of non-inter-level travel turns spent in this place.
 F = Non-inter-level travel turns spent in this place divided by the number of levels of this place that you've seen.
                   A       B       C       D       E      F
               +-------+-------+-------+-------+-------+----------------------
         Total | 100.0 | 100.0 |   5.1 |  16.7 |  57.5 | 843.7
       Dungeon |  68.9 |  68.8 |   5.3 |  20.4 |  51.7 | 1063.9
        Temple |   0.4 |   0.2 |  34.8 |   0.0 |  86.7 |  45.0
          Lair |  25.4 |  25.4 |   4.9 |  10.2 |  71.5 | 786.8
  Orcish Mines |   4.2 |   4.3 |   1.6 |   0.0 |  69.2 | 401.0
       Volcano |   1.2 |   1.2 |   0.0 |   3.1 |  48.5 | 227.0
               +-------+-------+-------+-------+-------+----------------------

Table legend:
 A = Kills in this place as a percentage of kills in entire the game.
 B = Kills by you in this place as a percentage of kills by you in the entire game.
 C = Kills by friends in this place as a percentage of kills by friends in the entire game.
 D = Other kills in this place as a percentage of other kills in the entire game.
 E = Experience gained in this place as a percentage of experience gained in the entire game.
 F = Experience gained in this place divided by the number of levels of this place that you have seen.
                   A       B       C       D       E      F
               +-------+-------+-------+-------+-------+----------------------
         Total | 100.0 | 100.0 | 100.0 |   N/A | 100.0 | 4764.0
       Dungeon |  66.4 |  66.7 |   0.0 |   N/A |  43.3 | 3785.9
          Lair |  22.2 |  21.8 | 100.0 |   N/A |  44.1 | 7711.0
  Orcish Mines |   8.4 |   8.4 |   0.0 |   N/A |   7.4 | 3869.5
       Volcano |   3.1 |   3.1 |   0.0 |   N/A |   5.1 | 5372.0
               +-------+-------+-------+-------+-------+----------------------
